Map: Ice and Chrome LE

Players

Serral - Winner!

  • Race: Zerg Zerg
  • Spawn Location: 7:00

HellraiseR

  • Race: Protoss Protoss
  • League: Master
  • Spawn Location: 1:00

Event: StayAtHomestory Cup #2

VOD

https://youtu.be/D41qC5mPlHY

Description

Time

  • Played on: June 11, 2020, 5:36 a.m.
  • Length: 3:55

All games in this series

Show
View Real Time Build Order
Export as new Build Order

Serral Zerg - Winner!

Build Orders: Hatch First 

Get SALT Encoding   

  12  0:03  Drone  
  13  0:12  Overlord  
  13  0:16  Drone  
  14  0:31  Drone x2  
  16  0:48  Hatchery  
  15  0:51  Drone  
  15  0:55  Drone  
  17  0:58  Drone  
  18  1:08  Extractor  
  18  1:09  Drone  
  18  1:16  Spawning Pool  
  17  1:20  Drone  
  18  1:30  Drone  
  19  1:40  Drone  
  20  1:51  Drone  
  21  2:03  Queen x2  
  21  2:04  Extractor, Roach Warren  
  23  2:11  Zergling x4  
  25  2:25  Drone x2  
  27  2:37  Overlord  
  27  2:46  Overlord  
  27  2:56  Extractor, Drone x2  
  28  2:59  Roach  
  28  3:05  Roach  
  32  3:12  Roach  
  34  3:20  Roach  
  34  3:21  Roach  
  34  3:23  Ravager  
  34  3:26  Ravager  
  40  3:38  Ravager  
  43  3:46  Ravager  
Show
View Real Time Build Order
Export as new Build Order

HellraiseR Protoss 

Build Orders:  

Get SALT Encoding   

  12  0:01  Probe  
  13  0:13  Probe  
  14  0:19  Pylon  
  14  0:25  Probe  
  15  0:33  Probe  
  15  0:39  Gateway  
  15  0:42  Probe  
  16  0:47  Assimilator  
  17  0:52  Probe  
  18  1:02  Forge  
  18  1:04  Probe  
  19  1:16  Probe  
  20  1:27  Cybernetics Core  
  20  1:28  Probe  
  21  1:42  Pylon  
  21  2:03  Photon Cannon  
  21  2:06  Pylon  
  21  2:11  Pylon  
  21  2:30  Robotics Facility  
  21  2:40  Photon Cannon  
  21  2:49  Photon Cannon  
  20  2:59  Shield Battery  
  20  3:05  Photon Cannon  
  20  3:06  Warp Prism  
  20  3:10  Pylon  
  20  3:12  Photon Cannon  
  22  3:28  Shield Battery  
  22  3:30  Photon Cannon  
  22  3:40  Robotics Facility  
  22  3:47  Photon Cannon  
  26  3:49  Shield Battery  
Tags
 
Add a new tag
Caveats
  • Supply blocks, unpowered buildings, or Contaminate may cause inaccurate times.
  • Supply counts are checked every 10 seconds.